 Dungeon Crawl Stone Soup version 0.28-a0-779-g3d1f99b579 (webtiles) character file.

Game seed: 1103154316691649207

2815 rogsnak the Digger (level 9, 0/78 HPs)
             Began as a White Draconian Earth Elementalist on Nov 3, 2021.
             Slain by a manticore (13 damage)
             ... on level 7 of the Dungeon.
             The game lasted 00:13:49 (8691 turns).

rogsnak the Digger (DrEE)                           Turns: 8691, Time: 00:13:50

Health: 0/78       AC:  8    Str: 10    XL:     9   Next: 44%
Magic:  4/17       EV: 14    Int: 18    God:
Gold:   275        SH:  0    Dex: 13    Spells: 13/19 levels left

rFire   . . .      SeeInvis .   N - +2 halberd (venom)
rCold   + . .      Faith    .   (shield currently unavailable)
rNeg    . . .      Spirit   .   (armour unavailable)
rPois   .          Reflect  .   (helmet restricted)
rElec   .          Harm     .   y - +0 cloak
rCorr   .          Rampage  .   (no gloves)
Will    .....                   (no boots)
Stlth   ++........              (no amulet)
HPRegen 0.23/turn               (no ring)
MPRegen 0.15/turn               (no ring)

@: short of breath
A: breathe frost, AC +7, unfitting armour, cold resistance 1, cold-blooded
a: Breathe Frost


You were on level 7 of the Dungeon.
You visited 2 branches of the dungeon, and saw 8 of its levels.
You also visited: Ossuary.

You collected 275 gold pieces.

Inventory:

Hand Weapons
 a - a +0 mace
 e - a +0 great sword
 p - a +0 rapier
 I - a +5 dagger
 J - a +0 dagger of venom
 N - a +2 halberd of venom (weapon)
 O - a +1 flail of protection
Missiles
 b - 115 stones
 s - 15 poisoned darts
Armour
 y - a +0 cloak (worn)
Magical Staves
 j - a staff of death
 l - a staff of air
Jewellery
 d - a ring of fire
 f - a ring of fire
 G - a +4 ring of protection
Wands
 n - a wand of polymorph (8)
 M - a wand of digging (4)
Scrolls
 h - 2 scrolls of enchant weapon {unknown}
 i - 6 scrolls of identify {unknown}
 k - 5 scrolls of noise {unknown}
 m - 2 scrolls of teleportation {unknown}
 u - a scroll of blinking {unknown}
 v - 3 scrolls of acquirement {unknown}
 w - a scroll of summoning {unknown}
 x - a scroll of enchant armour {unknown}
 z - 2 scrolls of magic mapping {unknown}
 B - 3 scrolls of immolation {unknown}
 E - a scroll of vulnerability {unknown}
 F - a scroll of brand weapon {unknown}
 H - a scroll of fog {unknown}
 K - a scroll of amnesia {unknown}
Potions
 c - 3 potions of degeneration {unknown}
 g - a potion of berserk rage {unknown}
 o - 4 potions of curing {unknown}
 q - a potion of mutation {unknown}
 r - 2 potions of magic {unknown}
 t - a potion of heal wounds {unknown}
 A - a potion of resistance {unknown}
 C - 5 potions of lignification {unknown}
 D - 2 potions of cancellation {unknown}
 L - a potion of might {unknown}


   Skills:
 + Level 6.5 Fighting
 + Level 5.6 Dodging
 - Level 2.0 Stealth
 + Level 5.9 Spellcasting
 + Level 4.1 Conjurations
 - Level 1.0 Transmutations
 + Level 7.0 Earth Magic


You had 13 spell levels left.
You knew the following spells:

 Your Spells              Type           Power      Damage    Failure   Level
a - Sandblast             Erth           60%        2d14      1%          1
b - Stone Arrow           Conj/Erth      50%        3d10      3%          3
c - Blink                 Tloc           10%        N/A       19%         2

Your spell library contained the following spells:

 Spells                   Type           Power      Damage    Failure   Level
 Passwall                 Tmut/Erth      15%        N/A       3%          2
 Petrify                  Tmut/Erth      19%        N/A       22%         4
 Manifold Assault         Tloc           5%         N/A       98%         5
 Storm Form               Tmut/Air       3%         N/A       100%        7


Dungeon Overview and Level Annotations

Branches:
Dungeon (7/15)             Temple (1/1) D:5         Ossuary (visited)

Altars:
Ashenzari
Cheibriados
Dithmenos
Elyvilon
Fedhas
Gozag
Hepliaklqana
Makhleb
Nemelex Xobeh
Ru
Uskayaw
Wu Jian
Xom
The Shining One

Annotations:
D:3 Ijyb


Innate Abilities, Weirdness & Mutations

You can breathe waves of freezing cold which knock back foes.
Your icy white scales are hard. (AC +7)
You cannot fit into any form of body armour.
Your flesh is cold resistant. (rC+)
You are cold-blooded and may be slowed by cold attacks.


Message History

The manticore is blown backwards by the freezing wind.
Unknown command.
Casting: Stone Arrow (dangerous; 3% risk of failure)
Confirm with . or Enter, or press ? or * to list all spells.
You don't have enough magic to cast this spell.
Unknown command.
Press: ? - help, v - describe, . - travel The floor.
Unknown command.
You reach to attack!
You puncture the manticore!
The manticore is severely wounded.
You barely miss the manticore.
The manticore is severely wounded.
The manticore bites you! The manticore misses you. x3
The manticore claws you! The manticore claws you.
You hit the manticore but do no damage.
The manticore is severely wounded.
The manticore closely misses you. The manticore barely misses you. x2
Your magical contamination has completely faded away.
You hit the manticore but do no damage.
The manticore is poisoned.
The manticore is severely wounded.
You carefully extract the barbed spikes from your body.
The manticore misses you. The manticore completely misses you.
The manticore claws you. The manticore barely misses you.
The manticore claws you!
The manticore claws you but does no damage.
Unknown command.
You hit the manticore.
The manticore is severely wounded.
The manticore bites you. The manticore closely misses you.
The manticore barely misses you.
Unknown command.
You slash the manticore!
The manticore looks even sicker.
The manticore is severely wounded.
The manticore bites you!
* * * LOW HITPOINT WARNING * * *
The manticore closely misses you.
The manticore claws you but does no damage.
The manticore bites you!
You die...

#[......# #.# #.#. #....##.#
#+## #.#. ####.#####.# ##...##
#... #......###.# ##.....##
#####. #.##.#..##.###.......##
##.###.
#.##.......##.........####...#..
#.##........'.........+.......(.
#.##.....####.........####...#.#
#.......## ##.@H....# ##.##.#
######.## ##.....## ####.# #.#
##...## #.# #.# #+## #.# #.# #.#
#.# #.# #.# #.# #.# #.#


You could see a manticore (very poisoned).

Vanquished Creatures
  Maggie (D:6)
  A troll (D:6)
  Menkaure (D:5)
  Edmund (D:6)
  A sky beast (D:6)
  A necrophage (D:4)
  A black bear (D:4)
  2 ogres
  2 phantoms (D:5)
  4 elf zombies (Ossuary)
  Blork the orc (D:5)
  A bullfrog zombie (D:5)
  7 centaur zombies
  A hound (D:5)
  3 human zombies (Ossuary)
  An orc priest (D:6)
  An iguana (D:6)
  An orc wizard (D:6)
  Natasha (thrice) (D:2)
  2 scorpion zombies
  A hound zombie (D:5)
  3 mummies (Ossuary)
  A hound skeleton (D:4)
  5 gnolls
  5 adders
  A worm (D:2)
  3 dart slugs
  14 orcs
  9 ball pythons
  5 bats
  5 endoplasms
  2 giant cockroaches
  A goblin (D:1)
  6 hobgoblins
  A jackal (D:2)
  6 quokkas
  3 frilled lizards
  6 kobolds
  7 rats
120 creatures vanquished.

Notes
Turn   | Place    | Note
-------+----------+-------------------------------------------
     0 | D:1      | rogsnak the Draconian Earth Elementalist began the quest
                  | for the Orb.
     0 | D:1      | Reached XP level 1. HP: 14/14 MP: 3/3
   392 | D:1      | Reached XP level 2. HP: 22/22 MP: 5/5
   594 | D:1      | Found a faded altar of an unknown god.
   897 | D:1      | Reached skill level 1 in Fighting
  1608 | D:2      | Reached XP level 3. HP: 11/28 MP: 4/6
  1612 | D:2      | Learned a level 3 spell: Stone Arrow
  1793 | D:2      | Noticed Natasha
  1800 | D:2      | Killed Natasha
  1806 | D:2      | Noticed Natasha
  1986 | D:2      | Killed Natasha
  1987 | D:2      | Reached XP level 4. HP: 17/36 MP: 4/7
  2330 | D:2      | Noticed Natasha
  2334 | D:2      | Killed Natasha
  3065 | D:3      | Noticed Ijyb
  3377 | D:3      | Learned a level 2 spell: Blink
  3566 | D:4      | Reached XP level 5. HP: 42/42 MP: 8/8
  3809 | D:4      | Noticed a necrophage
  3820 | D:4      | Killed a necrophage
  3821 | D:4      | Reached skill level 4 in Earth Magic
  4340 | D:4      | Noticed a black bear
  4349 | D:4      | Killed a black bear
  4350 | D:4      | Reached XP level 6. HP: 51/51 MP: 4/11
  4831 | D:5      | Entered Level 5 of the Dungeon
  4832 | D:5      | Found a sand-covered staircase.
  4932 | Ossuary  | Entered an ossuary
  4964 | Ossuary  | Your scales start taking on an icy white colour.
  4964 | Ossuary  | Reached XP level 7. HP: 54/58 MP: 8/12
  4964 | Ossuary  | Gained mutation: Your flesh is cold resistant. (rC+) [White
                  | Draconian growth]
  4978 | Ossuary  | Reached skill level 1 in Conjurations
  4978 | Ossuary  | Reached skill level 5 in Earth Magic
  5398 | Ossuary  | Reached XP level 8. HP: 24/67 MP: 5/14
  5862 | D:5      | Reached skill level 5 in Fighting
  5885 | D:5      | Found a staircase to the Ecumenical Temple.
  5889 | Temple   | Entered the Ecumenical Temple
  6009 | D:5      | Noticed Menkaure
  6322 | D:5      | Killed Menkaure
  6547 | D:5      | Noticed Blork the orc
  6555 | D:5      | Killed Blork the orc
  6896 | D:6      | Found a broken altar of Ashenzari.
  7019 | D:6      | Reached skill level 5 in Dodging
  7042 | D:6      | Noticed a troll
  7106 | D:6      | Killed a troll
  7107 | D:6      | Reached skill level 5 in Spellcasting
  7107 | D:6      | Reached skill level 6 in Earth Magic
  7207 | D:6      | Reached XP level 9. HP: 76/77 MP: 4/17
  7294 | D:6      | Found an ornate altar of the Wu Jian Council.
  7491 | D:6      | Found a hide-covered altar of Uskayaw.
  7939 | D:6      | Noticed Maggie
  7950 | D:6      | Killed Maggie
  7951 | D:6      | Found a sacrificial altar of Ru.
  8197 | D:6      | Noticed Edmund
  8208 | D:6      | Killed Edmund
  8344 | D:7      | Reached skill level 7 in Earth Magic
  8676 | D:7      | Noticed a manticore
  8691 | D:7      | Slain by a manticore

Illustrated notes

Levels and vault maps discovered:
D:1:      dpeg_arrival_court, layout_basic, basic_ecumenical_altar,
          solitary_fountain, hex_large, corexii_corridor_pit,
          minmay_heptomino_h4
D:2:      layout_loops_ring, kennysheep_generic_room_10, uniq_natasha
D:3:      layout_basic, uniq_ijyb
D:4:      minmay_diamond_boxcup, layout_basic
D:5:      layout_basic, minmay_temple_entry_ruins, nicolae_ossuary_entry_ruins,
          uniq_menkaure, uniq_blork_the_orc
D:6:      layout_basic, eat_drink_and_be_merry_uskayaw,
          mainiacjoe_overflow_catwalk, nzn_wu_jian_council_hall,
          cheibrodos_ashenzari_chains, uniq_maggie, uniq_edmund
D:7:      layout_loops_corners, lemuel_doored_altar, bloody_trog,
          grunt_temple_overflow_open
Temple:   jpeg_temple_alley_garden

Skill      XL: |  1  2  3  4  5  6  7  8  9 |
---------------+----------------------------+-----
Dodging        | 2 3 4 5 |  5.6
Stealth        | 2 |  2.0
Fighting       | 1 2 3 4 6 |  6.5
Spellcasting   | 3 4 5 |  5.9
Earth Magic    | 4 5 6 7 |  7.0
Conjurations   | 1 3 4 |  4.1
Transmutations | |  1.0

Action                   |  1- 3 |  4- 6 |  7- 9 || total
-------------------------+-------+-------+-------++-------
Melee: Mace              |    22 |       |       ||    22
       Great sword       |    62 |   125 |   100 ||   287
       Tailslap          |     1 |    11 |    22 ||    34
       Dagger            |       |       |    33 ||    33
       Halberd           |       |       |     6 ||     6
 Cast: Sandblast         |     8 |    22 |       ||    30
       Stone Arrow       |       |     5 |    81 ||    86
 Abil: Breathe Frost     |       |       |     8 ||     8
 Stab: Sleeping          |     5 |     5 |       ||    10
       Distracted        |       |       |     1 ||     1
Armor: Skin              |    22 |    70 |    92 ||   184
Dodge: Dodged            |    69 |   123 |   129 ||   321

Table legend: (Time is in decaauts)
 A = Elapsed time spent in this place.
 B = Non-inter-level travel time spent in this place.
 C = Inter-level travel time spent in this place.
 D = Time resting spent in this place.
 E = Time spent auto-exploring this place.
 F = Levels seen in this place.
 G = Mean time per level.
                   A        B        C        D        E       F      G
               +--------+--------+--------+--------+--------+-----+--------+
         Total |   8910 |   8751 |    159 |   2624 |   4259 |   9 |  990.0 |
       Dungeon |   7985 |   7826 |    159 |   2124 |   4180 |   7 | 1140.7 |
        Temple |    119 |    119 |      0 |      0 |     61 |   1 |  119.0 |
       Ossuary |    806 |    806 |      0 |    500 |     18 |   1 |  806.0 |
               +--------+--------+--------+--------+--------+-----+--------+

Top non-repeatable levels by time:
     D:1: 1607 daAuts
     D:6: 1442 daAuts
     D:2: 1412 daAuts
     D:4: 1375 daAuts
     D:5: 949 daAuts
     D:3: 839 daAuts
 Ossuary: 806 daAuts
     D:7: 359 daAuts
  Temple: 119 daAuts
